 Dungeon Crawl Stone Soup version 0.28-b1-70-g80dc712255 (webtiles) character file.

Game seed: 2190799691531280446

53 growler the Gusty (level 3, 0/19 HPs)
             Began as a Tengu Air Elementalist on Feb 3, 2022.
             Killed by their own static electricity (2 damage)
             ... on level 2 of the Dungeon.
             The game lasted 00:05:22 (2874 turns).

growler the Gusty (Tengu Air Elementalist)          Turns: 2874, Time: 00:05:22

Health: 0/19       AC:  2    Str:  8    XL:     3   Next: 87%
Magic:  1/8        EV: 16    Int: 17    God:
Gold:   103        SH:  0    Dex: 14    Spells: 1/7 levels left

rFire   . . .      SeeInvis .   (no weapon)
rCold   . . .      Faith    .   (no shield)
rNeg    . . .      Spirit   .   a - +0 robe
rPois   .          Reflect  .   (helmet restricted)
rElec   .          Harm     .   (no cloak)
rCorr   .          Rampage  .   (no gloves)
Will    .....                   (boots unavailable)
Stlth   ++........              (no amulet)
HPRegen 0.06/turn               e - +4 ring of evasion
MPRegen 0.11/turn               (no ring)

@: no status effects
A: beak, talons 3
a: no special abilities


You were on level 2 of the Dungeon.
You visited 1 branch of the dungeon, and saw 3 of its levels.

You collected 103 gold pieces.

Inventory:

Armour
 a - a +0 robe (worn)
Jewellery
 d - a ring of ice
   (You found it on level 2 of the Dungeon)
 e - a +4 ring of evasion (left hand)
   (You found it on level 2 of the Dungeon)
Scrolls
 b - 2 scrolls of torment {unknown}
 f - 2 scrolls of identify {unknown}
 h - a scroll of noise {unknown}
Potions
 c - a potion of brilliance {unknown}
 g - a potion of curing {unknown}
 i - a potion of flight {unknown}


   Skills:
 - Level 2.1 Dodging
 - Level 2.0 Stealth
 + Level 2.6 Spellcasting
 + Level 3.0 Conjurations
 + Level 4.8 Air Magic


You had one spell level left.
You knew the following spells:

 Your Spells              Type           Power      Damage    Failure   Level
a - Shock                 Conj/Air       60%        1d6       3%          1
d - Static Discharge      Conj/Air       15%        N/A       5%          2
s - Swiftness             Air            18%        N/A       8%          3

Your spell library contained the following spells:

 Spells                   Type           Power      Damage    Failure   Level
 Airstrike                Air            9%         N/A       24%         4
 Stone Arrow              Conj/Erth      14%        3d7       28%         3
 Animate Armour           Summ/Erth      4%         N/A       87%         4
 Borgnjor's Revivificati  Necr           1%         N/A       100%        8
 Lehudib's Crystal Spear  Conj/Erth      3%         10d3      100%        8
 Necromutation            Tmut/Necr      1%         N/A       100%        8
 Death's Door             Necr           1%         N/A       100%        9


Dungeon Overview and Level Annotations

Branches:
Dungeon (3/15)

Altars:


Innate Abilities, Weirdness & Mutations

You have a beak for a mouth.
You have claws for feet.


Message History

You kill the orc!
The endoplasm quivers.
An orc comes into view. It is wielding a +0 hand axe.
The orc moves out of view.
An orc comes into view. It is wielding a +0 whip.
You don't have enough magic to cast this spell.
Unknown command.
You climb upwards.
There is a stone staircase leading down here.
You start resting.
You start waiting.
Done waiting.
You climb downwards.
The endoplasm closely misses you.
There is a stone staircase leading up here.
The endoplasm is struck by an arc of lightning!
You kill the endoplasm!
You are struck by an arc of lightning.
The lightning grounds out.
You climb upwards.
There is a stone staircase leading down here.
You start resting.
You climb downwards.
There is a stone staircase leading up here.
Aim: a rat (wandering, hasn't noticed you, 71% to hit)
The zap misses the rat.
Aim: a rat (71% to hit)
The zap hits the rat.
You kill the rat!
Your Conjurations skill increases to level 3!
Aim: a jackal (64% to hit)
The zap hits the jackal.
Aim: a jackal (heavily wounded, 64% to hit)
The zap misses the jackal.
An orc priest comes into view. It is wielding a +0 hand axe.
Aim: a jackal (heavily wounded, 64% to hit)
The zap misses the jackal.
The orc priest shouts!
You hear a shout!
The jackal misses you.
The orc priest mumbles some strange prayers to Beogh against you.
Beogh smites you!
Ouch! That really hurt!
* * * LOW HITPOINT WARNING * * *
A hobgoblin comes into view.
You hear a shout!
The jackal bites you.
* * * LOW HITPOINT WARNING * * *
You climb upwards.
There is a stone staircase leading down here.
The jackal is struck by an arc of lightning.
You are struck by an arc of lightning.
You die...

#############
#...........#########
#.#######............
#.#######.#.#########
#.##@h...............
#.##..#####.#.#####..
#.##.................
#.##...###########..#
#.##...#.............
#.##...#.#..........#
#.##.......[.....#.##
#.##.#.#.#.#####.#...
######.##.#.#.#.#
#...##


You could see a jackal.

Vanquished Creatures
  An adder (D:2)
  A worm (D:2)
  An orc (D:3)
  4 ball pythons
  2 bats (D:1)
  7 endoplasms
  4 giant cockroaches
  4 goblins
  A hobgoblin (D:2)
  A kobold (D:2)
  3 quokkas
  4 frilled lizards
  A quokka skeleton (D:2)
  2 rats
36 creatures vanquished.

Notes
Turn   | Place    | Note
-------+----------+-------------------------------------------
     0 | D:1      | growler the Tengu Air Elementalist began the quest for the
                  | Orb.
     0 | D:1      | Reached XP level 1. HP: 10/10 MP: 4/4
   376 | D:1      | Reached XP level 2. HP: 15/15 MP: 4/6
   401 | D:1      | Learned a level 2 spell: Static Discharge
   692 | D:1      | Found a faded altar of an unknown god.
   860 | D:1      | You fall into a shaft and drop 1 floor!
  1133 | D:2      | Reached XP level 3. HP: 12/19 MP: 0/7
  1137 | D:2      | Learned a level 3 spell: Swiftness
  2874 | D:2      | Killed from afar by themself

Illustrated notes

Levels and vault maps discovered:
D:1:      ncdulo_halloftheorcs, layout_basic, nicolae_ecumenical_snake_handling
D:2:      layout_basic, amcnicky_mini_pool_small, minmay_misc_feat_hallway
D:3:      layout_rooms, kennysheep_generic_room_14

Skill      XL: |  1  2  3 |
---------------+----------+-----
Conjurations   | 2 3 |  3.0
Dodging        | |  2.1
Stealth        | |  2.0
Spellcasting   | |  2.6
Air Magic      | |  4.8

Action                   || total
-------------------------++-------
Melee: Unarmed           ||     1
       Peck              ||     1
 Cast: Shock             ||    69
       Static Discharge  ||     9
Armor: Robe              ||     2
Dodge: Dodged            ||    16
